 Dungeon Crawl Stone Soup version 0.26-a0-712-ga5a9c9c9d0 (webtiles) character file.

Game seed: 10091913274956070382

12515 jasper the Grappler (level 12, -24/74 (77) HPs)
             Began as a Kobold Berserker on Oct 31, 2020.
             Was an Elder of Trog.
             Killed from afar by Fannar (31 damage)
             ... with a bolt of cold
             ... on level 11 of the Dungeon.
             The game lasted 00:16:33 (13684 turns).

jasper the Grappler (Kobold Berserker)             Turns: 13684, Time: 00:16:33

HP:   -24/74 (77)   AC: 13    Str: 18    XL:     12   Next: 21%
MP:   0/12          EV: 16    Int: 10    God:    Trog [****..]
Gold: 435           SH:  0    Dex: 16    Spells: 11/11 levels left

rFire    + . .     SeeInvis .     - Unarmed
rCold    x . .     Faith    .   (shield restricted)
rNeg     . . .     Spirit   +   C - +0 chain mail
rPois    .         Reflect  .   R - +0 helmet
rElec    .         Harm     .   Z - +0 cloak (curse)
rCorr    .         Rampage  .   (no gloves)
MR       +++..     Clarity  +   (no boots)
Stlth    ..........             p - amulet of guardian spirit
HPRegen  1.22/turn              u - ring of attention (curse)
MPRegen  0.13/turn              I - ring of fire (curse)

@: berserk cooldown, regenerating, slowed, very slow
A: small, agile 1, blurry vision 1, clarity, magic resistance 1, nightstalker 3
a: Berserk, Trog's Hand, Brothers in Arms, Renounce Religion


You were on level 11 of the Dungeon.
You worshipped Trog.
Trog was greatly pleased with you.
You visited 1 branch of the dungeon, and saw 11 of its levels.
You also visited: Sewer.

You collected 435 gold pieces.

Inventory:

Hand Weapons
 V - a +0 triple crossbow
Missiles
 e - 2 curare-tipped darts
 f - 99 poisoned darts (quivered)
 i - 178 stones
 F - a throwing net
 W - 20 bolts
Armour
 a - a +0 animal skin
 b - a +0 ring mail
 l - a +0 scale mail
 C - a +0 chain mail (worn)
 N - a +0 plate armour
 R - a +0 helmet (worn)
 Z - a cursed +0 cloak (worn)
Jewellery
 h - an uncursed ring of flight
 p - an amulet of guardian spirit (around neck)
 u - a cursed ring of attention (left hand)
 I - a cursed ring of fire (right hand)
 Q - an uncursed amulet of the acrobat {unknown}
 Y - an uncursed ring of resist corrosion {unknown}
Wands
 x - a wand of flame (12)
 G - a wand of digging (13)
 K - a wand of polymorph (6)
 O - a wand of disintegration (29)
 P - a wand of random effects (11)
 U - a wand of paralysis (21)
Scrolls
 d - 6 scrolls of teleportation
 g - 6 scrolls of enchant armour
 j - 3 scrolls of magic mapping {unknown}
 k - 2 scrolls of enchant weapon {unknown}
 m - 2 scrolls of immolation {unknown}
 o - 4 scrolls of noise {unknown}
 s - 6 scrolls of amnesia {unknown}
 w - 8 scrolls of remove curse {unknown}
 y - 2 scrolls of blinking {unknown}
 E - 3 scrolls of random uselessness {unknown}
 M - 3 scrolls of fear {unknown}
 T - 3 scrolls of identify
Potions
 c - 5 potions of degeneration
 n - a potion of ambrosia {unknown}
 q - a potion of lignification
 r - 2 potions of resistance
 t - a potion of might
 v - 3 potions of flight {unknown}
 z - 6 potions of curing
 A - a potion of heal wounds {unknown}
 B - a potion of magic {unknown}
 D - 2 potions of brilliance {unknown}
 H - 4 potions of berserk rage {unknown}
 J - a potion of haste {unknown}
 L - 2 potions of stabbing {unknown}
 S - 4 potions of invisibility {unknown}
 X - a potion of mutation


   Skills:
 + Level 10.1 Fighting
 + Level 7.7 Armour
 + Level 10.7 Dodging
 * Level 11.3 Unarmed Combat


You had 11 spell levels left.
You didn't know any spells.
Your spell library was empty.

Dungeon Overview and Level Annotations

Branches:
Dungeon (11/15)            Temple (0/1) D:6            Lair (0/6) D:10
  Sewer (visited)
    Orc: D:9-12

Altars:
Ashenzari
Cheibriados
Elyvilon
Fedhas
Gozag
Makhleb
Nemelex Xobeh
Qazlal
Ru
Uskayaw
Vehumet
Xom
The Shining One

Shops:
D:7 *

Annotations:
D:11 Fannar


Innate Abilities, Weirdness & Mutations

You are small and have problems with some larger weapons.
You are completely attuned to the shadows.
You are agile. (Dex +2)
Scrolls take you a little longer to read.
You possess an exceptional clarity of mind.
You are resistant to hostile enchantments. (MR+)


Message History

You now have 16/74 hp.
You barely miss Fannar.
Fannar is almost dead.
Fannar mumbles some strange words.
Fannar blinks!
The ice beast misses you.
You regained 2 hp, and now have 19/74 hp.
Evoke which item? (* to show all) (? for menu, Esc to quit)
Aiming: Throw Flame
Press: ? - help, Shift-Dir - straight line, f - ice beast
Aim: an ice beast (summoned)
Okay, then.
Your ogre goes berserk!
The ice beast misses you. Fannar hits you but does no damage.
Fannar freezes you!!
* * * LOW HITPOINT WARNING * * *
The ice beast closely misses you.
You take 14 damage, and have 5/74 hp.
You now have 0/12 mp.
Fannar gestures at you while chanting. The bolt of cold hits you!!
You feel a terrible chill!
You die...

#....##..
.###........
.##......... #.
.##.....†...
#.####†##....†<...
#.#.?..###...>....
###.#Y######....##..
#..e.O#.......######
..#@##..###.#.#
#....#....#.#
..###..####.. ##.#
#.## ##.# ..#...#
.### ##


You could see Fannar (icy armour), an ice beast (summoned) and a friendly ogre
(summoned, berserk).

Vanquished Creatures
  Gastronok (D:9)
  3 two-headed ogres
  3 death yaks (D:10)
  Pikel (D:7)
  A komodo dragon (D:10)
  A queen bee (D:9)
  A troll (D:9)
  2 hornets
  2 wyverns
  3 yaks (D:10)
  2 orc warriors
  4 sky beasts
  3 ice beasts
  6 ogres
  A hornet zombie (D:5)
  A necrophage (D:8)
  A phantom (D:4)
  6 centaurs
  2 lemures (D:7)
  Blork the orc (D:5)
  7 bullfrogs
  A wyvern zombie (D:10)
  A big kobold (Sewer)
  A wyvern skeleton (D:6)
  An elf skeleton (D:6)
  A water moccasin skeleton (D:5)
  5 scorpions
  12 killer bees
  10 wights
  3 howler monkeys (D:11)
  2 centaur zombies
  A centaur skeleton (D:4)
  6 orc priests
  2 jellies
  6 orc wizards
  A bullfrog skeleton (D:9)
  A gnoll shaman (D:7)
  3 iguanas
  4 human skeletons (D:6)
  12 worker ants
  3 hound zombies
  2 worker ant zombies (D:3)
  4 gnolls (D:7)
  14 adders
  A river rat (D:10)
  2 white imps (D:9)
  3 ufetubi
  3 oozes
  3 adder zombies
  5 adder skeletons
  3 worms (D:4)
  2 dart slugs (D:1)
  6 leopard geckos
  23 orcs
  4 ball pythons
  9 bats
  5 giant cockroaches
  5 goblins
  8 hobgoblins
  13 jackals
  7 quokkas
  5 frilled lizards
  2 giant cockroach zombies (D:3)
  A jackal skeleton (D:6)
  12 kobolds
  A leopard gecko skeleton (D:5)
  A leopard gecko zombie (D:7)
  An orc zombie (D:6)
  14 rats
287 creatures vanquished.

Vanquished Creatures (collateral kills)
  A killer bee (D:10)
  2 orcs (D:10)
  A quokka (D:10)
  A rat (D:10)
5 creatures vanquished.

Vanquished Creatures (others)
  4 bushes (D:7)
  13 plants (D:9)
  2 withered plants (D:3)
19 creatures vanquished.

Grand Total: 311 creatures vanquished

Notes
Turn   | Place    | Note
-------+----------+-------------------------------------------
     0 | D:1      | jasper the Kobold Berserker began the quest for the Orb.
     0 | D:1      | Reached XP level 1. HP: 14/14 MP: 1/1
   114 | D:1      | Reached XP level 2. HP: 19/19 MP: 2/2
   443 | D:1      | Reached XP level 3. HP: 23/23 MP: 3/3
  1330 | D:2      | Found a sparkling altar of Nemelex Xobeh.
  1478 | D:2      | Reached ** piety under Trog
  1861 | D:3      | HP: 1/34 [orc priest/divine providence (15)]
  1863 | D:3      | Reached XP level 4. HP: 2/29 MP: 4/4
  2062 | D:3      | Reached skill level 4 in Unarmed Combat
  2096 | D:3      | Gained mutation: You are resistant to hostile enchantments.
                  | (MR+) [potion of mutation]
  2096 | D:3      | Gained mutation: Scrolls take you a little longer to read.
                  | [potion of mutation]
  2096 | D:3      | Gained mutation: You possess an exceptional clarity of
                  | mind. [potion of mutation]
  2096 | D:3      | Gained mutation: You are agile. (Dex +2) [potion of
                  | mutation]
  2106 | D:3      | Reached XP level 5. HP: 16/33 MP: 5/5
  2266 | D:3      | Reached XP level 6. HP: 29/38 MP: 6/6
  2528 | D:3      | Found a hide-covered altar of Uskayaw.
  3212 | D:4      | Noticed a phantom
  3217 | D:4      | Reached skill level 5 in Unarmed Combat
  3228 | D:4      | Killed a phantom
  3228 | D:4      | Reached XP level 7. HP: 44/44 MP: 5/7
  3606 | D:4      | Found a radiant altar of Vehumet.
  3744 | D:4      | Found a glowing drain.
  3795 | Sewer    | Entered a sewer
  4175 | Sewer    | Reached *** piety under Trog
  4228 | Sewer    | Reached skill level 5 in Fighting
  4670 | D:4      | Found a shimmering altar of Xom.
  5136 | D:5      | Entered Level 5 of the Dungeon
  5149 | D:5      | Reached skill level 5 in Dodging
  5149 | D:5      | Reached skill level 6 in Unarmed Combat
  5149 | D:5      | Reached XP level 8. HP: 45/49 MP: 6/8
  5308 | D:5      | Found a broken altar of Ashenzari.
  5428 | D:5      | Noticed Blork the orc
  5439 | D:5      | Killed Blork the orc
  5857 | D:5      | Found a sacrificial altar of Ru.
  6165 | D:5      | Reached skill level 7 in Unarmed Combat
  6472 | D:6      | Reached XP level 9. HP: 31/55 MP: 3/9
  6748 | D:6      | Found a staircase to the Ecumenical Temple.
  7047 | D:6      | Reached **** piety under Trog
  7084 | D:6      | Reached skill level 8 in Unarmed Combat
  8271 | D:7      | Reached skill level 5 in Armour
  8401 | D:7      | Found Gozag's Platinum Reserve.
  8466 | D:7      | Noticed Pikel
  8485 | D:7      | Killed Pikel
  8485 | D:7      | Reached skill level 9 in Unarmed Combat
  8485 | D:7      | Reached XP level 10. HP: 63/63 MP: 8/10
  8517 | D:7      | Found an opulent altar of Gozag.
  9279 | D:8      | Noticed a two-headed ogre
  9289 | D:8      | Killed a two-headed ogre
  9673 | D:8      | Reached ***** piety under Trog
  9820 | D:8      | Found a stormy altar of Qazlal.
  9820 | D:8      | Found a burning altar of Makhleb.
  9827 | D:8      | Found a sparkling altar of Nemelex Xobeh.
  9940 | D:8      | Found a white marble altar of Elyvilon.
  9949 | D:8      | Reached skill level 10 in Unarmed Combat
 10301 | D:8      | Found a blossoming altar of Fedhas.
 10726 | D:9      | Noticed Gastronok
 10742 | D:9      | Killed Gastronok
 10742 | D:9      | Reached XP level 11. HP: 66/66 MP: 7/11
 11066 | D:9      | Found a snail-covered altar of Cheibriados.
 11129 | D:9      | Reached skill level 11 in Unarmed Combat
 12058 | D:9      | Noticed a two-headed ogre
 12065 | D:9      | Killed a two-headed ogre
 12205 | D:9      | Noticed a two-headed ogre
 12210 | D:9      | Killed a two-headed ogre
 12210 | D:9      | Reached skill level 10 in Dodging
 12351 | D:10     | Entered Level 10 of the Dungeon
 12605 | D:10     | Found a glowing golden altar of the Shining One.
 12840 | D:10     | Noticed a death yak
 12841 | D:10     | Noticed a death yak
 12848 | D:10     | Killed a death yak
 12852 | D:10     | Noticed a death yak
 12858 | D:10     | Killed a death yak
 12863 | D:10     | Killed a death yak
 12863 | D:10     | Reached XP level 12. HP: 44/74 MP: 5/12
 12894 | D:10     | Reached skill level 10 in Fighting
 12929 | D:10     | Found a staircase to the Lair.
 13652 | D:11     | Noticed Fannar
 13684 | D:11     | Killed from afar by Fannar

Illustrated notes

Levels and vault maps discovered:
D:1:      lemuel_arrival_behind_the_door_small, layout_loops_ring
D:2:      layout_basic, nemelex_altar_shiori
D:3:      lemuel_upstairs_altar, layout_loops_ring,
          eat_drink_and_be_merry_uskayaw, serial_undead, serial_undead_b,
          serial_undead_f, serial_undead_b, serial_undead_a,
          minmay_misc_feat_doors, minmay_circle_x
D:4:      layout_basic, vehumet_crystals, lemuel_doored_altar,
          cheibrodos_sewer_entry_bend, kennysheep_cluttered_room, fountainhead
D:5:      layout_rooms, old_standard_altar, basic_altar,
          kennysheep_generic_room_15, uniq_blork_the_orc
D:6:      layout_basic, minmay_temple_entry_statues_fountains,
          nicolae_ossuary_entry_catacombs
D:7:      layout_basic, minmay_hedge_maze, nicolae_gozag_zags_fifth_avenue,
          uniq_pikel
D:8:      layout_basic, lemuel_round_altar, lemuel_round_altar,
          chequers_temple_overflow_statue_of_worship, minmay_holes
D:9:      layout_basic, kennysheep_mini_moat, chequers_serial_rivers_micro_d,
          nicolae_looking_at_the_future, uniq_gastronok
D:10:     layout_long_grid, dpeg_lair_monsters, tso_metal_star
D:11:     layout_rooms, enter_trove_0, serial_glass, glass_columns_c,
          glass_columns_a, uniq_fannar, uniq_psyche

Skill      XL: |  1  2  3  4  5  6  7  8  9 10 11 12 |
---------------+-------------------------------------+-----
Armour         | 2 3 4 5 6 7 |  7.7
Dodging        | 3 4 5 6 7 9 10 | 10.7
Unarmed Combat | 4 5 6 7 9 10 11 | 11.3
Fighting       | 4 5 6 7 8 9 10 | 10.1

Action                   |  1- 3 |  4- 6 |  7- 9 | 10-12 || total
-------------------------+-------+-------+-------+-------++-------
Melee: Unarmed           |   100 |   186 |   512 |   437 ||  1235
       Punch             |     1 |     4 |    20 |    32 ||    57
Throw: Dart              |    17 |     6 |    13 |    18 ||    54
Invok: Berserk           |     1 |     5 |     9 |    16 ||    31
       Trog's Hand       |       |     4 |     2 |     5 ||    11
       Brothers in Arms  |       |       |       |     3 ||     3
Evoke: Wand              |       |       |       |     1 ||     1
  Use: Potion            |       |     3 |       |       ||     3
       Scroll            |       |       |     4 |       ||     4
 Stab: Sleeping          |     6 |     1 |       |       ||     7
       Distracted        |       |       |       |     1 ||     1
Armor: Ring mail         |     9 |       |       |       ||     9
       Scale mail        |    15 |    55 |    25 |       ||    95
       Chain mail        |       |       |   137 |   123 ||   260
Dodge: Dodged            |    69 |   147 |   253 |   283 ||   752

Table legend: (Time is in decaauts)
 A = Elapsed time spent in this place.
 B = Non-inter-level travel time spent in this place.
 C = Inter-level travel time spent in this place.
 D = Time resting spent in this place.
 E = Time spent auto-exploring this place.
 F = Levels seen in this place.
 G = Mean time per level.
                   A        B        C        D        E       F      G
               +--------+--------+--------+--------+--------+-----+--------+
         Total |  13863 |  13604 |    259 |    916 |  10689 |  12 | 1155.2 |
       Dungeon |  13190 |  12931 |    259 |    916 |  10166 |  11 | 1199.1 |
         Sewer |    672 |    672 |      0 |      0 |    523 |   1 |  672.0 |
               +--------+--------+--------+--------+--------+-----+--------+

Top non-repeatable levels by time:
     D:9: 1866 daAuts
     D:3: 1627 daAuts
     D:7: 1621 daAuts
     D:6: 1335 daAuts
     D:8: 1273 daAuts
    D:10: 1226 daAuts
     D:4: 1178 daAuts
     D:5: 1161 daAuts
     D:2: 934 daAuts
     D:1: 871 daAuts
   Sewer: 672 daAuts
    D:11: 95 daAuts
